 Dungeon Crawl Stone Soup version 0.24-a0-92-g7d8ec57 (webtiles) character file.

Game seed: 4607241913104250940

1296 Nimrod the Cudgeler (level 8, 0/63 HPs)
             Began as a Formicid Fighter on Feb 9, 2019.
             Was a Follower of Qazlal.
             Slain by an ice beast (1 damage)
             ... on level 6 of the Dungeon.
             The game lasted 00:06:34 (4965 turns).

Nimrod the Cudgeler (Formicid Fighter)              Turns: 4965, Time: 00:06:35

Health: 0/63       AC: 11    Str: 20    XL:     8   Next: 86%
Magic:  8/8        EV:  3    Int: 11    God:    Qazlal [*.....]
Gold:   247        SH: 10    Dex: 10    Spells: 7/7 levels left

rFire    + . .     SeeInvis +   u - +1 flail (drain)
rCold    . . .     Gourm    .   c - +0 shield
rNeg     . . .     Faith    .   s - +0 plate armour
rPois    .         Spirit   .   (helmet unavailable)
rElec    .         Reflect  .   (no cloak)
rCorr    .         Harm     .   (no gloves)
MR       .....                  (no boots)
Stlth    ..........             (no amulet)
HPRegen  0.20/turn              p - ring of protection from fire
MPRegen  0.11/turn              (no ring)

@: very heavily drained
A: permanent stasis, dig shafts and tunnels, four strong arms, antennae 3
a: Dig, Shaft Self, Renounce Religion


You were on level 6 of the Dungeon.
You worshipped Qazlal.
Qazlal was aware of your devotion.
You were very hungry.

You visited 1 branch of the dungeon, and saw 6 of its levels.

You collected 247 gold pieces.

Inventory:

Hand Weapons
 a - a +0 flail
 u - a +1 flail of draining (weapon)
Armour
 b - a +0 scale mail
 c - a +0 shield (worn)
 s - a +0 plate armour (worn)
Jewellery
 p - a ring of protection from fire (left hand)
 t - an uncursed amulet of harm {unknown}
Wands
 w - a wand of digging (6)
Scrolls
 e - 2 scrolls of amnesia
 g - 2 scrolls of immolation {unknown}
 i - 2 scrolls of remove curse
 m - 3 scrolls of enchant weapon {unknown}
 o - a scroll of fog
 q - a scroll of magic mapping {unknown}
 r - a scroll of noise {unknown}
 v - a scroll of vulnerability {unknown}
 x - a scroll of silence {unknown}
Potions
 d - a potion of heal wounds {unknown}
 h - 2 potions of curing {unknown}
 j - a potion of cancellation
 k - 2 potions of agility
 l - 2 potions of lignification
 n - 2 potions of degeneration {unknown}
Comestibles
 f - 6 rations


   Skills:
 + Level 5.4(2.3) Fighting
 + Level 7.1(3.8) Maces & Flails
 + Level 5.8(2.6) Armour
 - Level 0.8(0.0) Dodging
 - Level 1.0(0.0) Stealth
 + Level 6.2(3.0) Shields


You had 7 spell levels left.
You didn't know any spells.
Your spell library was empty.

Dungeon Overview and Level Annotations

Branches:
Dungeon (6/15)             Temple (0/1) D:4

Altars:
Cheibriados
Fedhas
Makhleb
Okawaru
Qazlal

Annotations:
D:6 Dowan


Innate Abilities, Weirdness & Mutations

You cannot be hasted, slowed, berserked, paralysed or teleported.
You can dig through walls and to a lower floor.
Your four strong arms can wield two-handed weapons with a shield.
You have a pair of large antennae on your head. (SInv)


Message History

It was a potion of agility.
You feel agile all of a sudden.
The ice beast hits you but does no damage.
It was a potion of lignification.
You turn into a tree.
Your +0 plate armour melds into your body.
Your roots penetrate the ground.
Dowan casts a spell at you. You block the stone arrow.
The ice beast hits you but does no damage.
It was a potion of cancellation.
Your magical effects are unravelling.
You feel magically purged.
You feel less wooden.
Your +0 plate armour unmelds from your body.
You feel a little less agile now.
Dowan points at you and mumbles some strange words.
The stone arrow hits you.
* * * LOW HITPOINT WARNING * * *
The ice beast hits you.
You die...

...#.#.#.#.#.#.#
####...#.#.#.#.# #. #..$
.......#.#.#.###. #...
...............#. #....
#<##...#.#.#.###. .....
#.##...#.......#.
####..###.##...#######.#.
.......Y).###..........#.
####...#@................
........e°.....######..#.
#..#...#...##..# #..##
#..(#...##..######..#
#[..#...##..#.......#
#...#...##..#.###...#
#...#.........# #...#
#...##..##..#####...##
.... #................


You could see an ice beast and Dowan.

Vanquished Creatures
  Grinder (D:3)
  Sigmund (D:3)
  Eustachio (D:4)
  Edmund (D:5)
  Duvessa (D:6)
  An ogre (D:4)
  3 scorpions
  2 hounds
  An orc priest (D:5)
  A bullfrog skeleton (D:4)
  An orc wizard (D:5)
  An iguana (D:5)
  A worker ant (D:4)
  A hound skeleton (D:4)
  9 adders
  3 worms
  A dart slug (D:1)
  5 leopard geckos
  An orc (D:5)
  4 giant cockroaches
  3 goblins
  4 hobgoblins
  4 jackals (D:4)
  2 kobolds (D:1)
  3 quokkas (D:3)
  5 bats
  3 frilled lizards
  A leopard gecko zombie (D:6)
  A quokka skeleton (D:4)
  3 rats
69 creatures vanquished.

Notes
Turn   | Place    | Note
-------+----------+-------------------------------------------
     0 | D:1      | Nimrod the Formicid Fighter began the quest for the Orb.
     0 | D:1      | Reached XP level 1. HP: 18/18 MP: 1/1
   321 | D:1      | Reached XP level 2. HP: 24/24 MP: 2/2
   640 | D:1      | Reached XP level 3. HP: 29/30 MP: 3/3
  1037 | D:2      | Found a blossoming altar of Fedhas.
  1722 | D:3      | Noticed Sigmund
  1725 | D:3      | Reached skill level 3 in Maces & Flails
  1725 | D:3      | Reached XP level 4. HP: 37/37 MP: 4/4
  1736 | D:3      | Killed Sigmund
  1736 | D:3      | Reached skill level 4 in Maces & Flails
  1736 | D:3      | Reached skill level 1 in Stealth
  1736 | D:3      | Reached XP level 5. HP: 42/42 MP: 5/5
  1736 | D:3      | Reached XP level 6. HP: 48/48 MP: 6/6
  1809 | D:3      | Noticed a water elemental
  1811 | D:3      | Found a stormy altar of Qazlal.
  1813 | D:3      | Noticed a fire elemental
  1827 | D:3      | Noticed an air elemental
  1829 | D:3      | Noticed Grinder
  1851 | D:3      | Killed Grinder
  1851 | D:3      | Reached XP level 7. HP: 27/55 MP: 7/7
  1986 | D:3      | Became a worshipper of Qazlal Stormbringer
  2156 | D:3      | Reached skill level 5 in Maces & Flails
  2243 | D:3      | Found a snail-covered altar of Cheibriados.
  2666 | D:4      | Noticed Eustachio
  2702 | D:4      | Reached skill level 5 in Shields
  3051 | D:4      | Killed Eustachio
  3051 | D:4      | Reached skill level 5 in Armour
  3051 | D:4      | Reached XP level 8. HP: 41/61 MP: 8/8
  3189 | D:4      | Reached skill level 5 in Fighting
  3192 | D:4      | Found an iron altar of Okawaru.
  3228 | D:4      | Reached skill level 6 in Maces & Flails
  3321 | D:4      | Found a staircase to the Ecumenical Temple.
  3828 | D:5      | Entered Level 5 of the Dungeon
  4222 | D:5      | Noticed Edmund
  4236 | D:5      | Killed Edmund
  4816 | D:6      | Reached * piety under Qazlal
  4892 | D:6      | Found a burning altar of Makhleb.
  4892 | D:6      | Noticed a balrug
  4923 | D:6      | Noticed Duvessa
  4925 | D:6      | Noticed Dowan
  4939 | D:6      | Killed Duvessa
  4939 | D:6      | Reached skill level 7 in Maces & Flails
  4960 | D:6      | HP: 3/63 [Dowan/shard of ice (17)]
  4965 | D:6      | HP: 1/63 [Dowan/stone arrow (4)]
  4965 | D:6      | Slain by an ice beast

Levels and vault maps discovered:
D:1:      lightli_iron_boxes, layout_loops_corners
D:2:      layout_basic, fedhas_ov_isle_minmay
D:3:      kennysheep_big_flooded_room, layout_basic,
          nicolae_qazlal_style_of_elements, lemuel_crystal_altar, uniq_grinder,
          uniq_sigmund
D:4:      layout_loops_cross, minmay_temple_entry_drinking_statues,
          first_ration, ebering_dispersal_statue_hall, okawaru_trees_2,
          uniq_eustachio
D:5:      layout_rooms, abandoned_shop, uniq_edmund
D:6:      layout_basic, lemuel_zombie_altar_yredelemnul,
          makhleb_altar_promises_db, uniq_crazy_yiuf_cottage, uniq_duvessa

Skill      XL: |  1  2  3  4  5  6  7  8 |
---------------+-------------------------+-----
Shields        | 4 5 6 |  6.2
Maces & Flails | 3 4 5 7 |  7.1
Fighting       | 4 5 |  5.4
Armour         | 4 5 |  5.8
Stealth        | 1 |  1.0
Dodging        | |  0.8

Action                   |  1- 3 |  4- 6 |  7- 9 || total
-------------------------+-------+-------+-------++-------
Melee: Flail             |    86 |    26 |   272 ||   384
  Use: Potion            |       |     1 |     3 ||     4
       Scroll            |       |       |     3 ||     3
  Eat: Chunk             |     3 |       |     9 ||    12
Armor: Scale mail        |    46 |     5 |    67 ||   118
       Plate armour      |       |       |    49 ||    49
       Skin              |       |       |     1 ||     1
Dodge: Dodged            |    27 |     7 |    83 ||   117
Block: Shield            |    32 |     7 |   167 ||   206

Table legend:
 A = Non-vault XP
 B = Vault XP
 C = Vault XP percentage of total XP
 D = Non-vault monster count
 E = Vault monster count
 F = Vault count percentage of total count
                 A         B        C        D         E       F
            +---------+---------+-------+---------+---------+-------
      Total |     808 |    1044 |  56.4 |      62 |       7 |  10.1
            +---------+---------+-------+---------+---------+-------
        D:1 |      29 |       0 |   0.0 |      15 |       0 |   0.0
        D:2 |       7 |       0 |   0.0 |       4 |       0 |   0.0
        D:3 |     154 |     538 |  77.7 |      18 |       4 |  18.2
        D:4 |     362 |     202 |  35.8 |      14 |       1 |   6.7
        D:5 |     199 |     166 |  45.5 |       8 |       1 |  11.1
        D:6 |      57 |     138 |  70.8 |       3 |       1 |  25.0
            +---------+---------+-------+---------+---------+-------
